 Dungeon Crawl Stone Soup version 0.26-a0-712-ga5a9c9c9d0 (webtiles) character file.

Game seed: 648028972842134455

29143 kae the Impaler (level 13, -4/108 HPs)
             Began as a Merfolk Gladiator on Nov 12, 2020.
             Was a High Priest of Okawaru.
             Slain by a 16-headed hydra (9 damage)
             ... on level 4 of the Lair of Beasts.
             The game lasted 00:15:53 (20391 turns).

kae the Impaler (Merfolk Gladiator)                Turns: 20391, Time: 00:15:54

Health: -4/108     AC: 24    Str: 30    XL:     13   Next: 43%
Magic:  0/29       EV: 20    Int:  5    God:    Okawaru [*****.]
Gold:   805        SH:  0    Dex: 16    Spells: 8/12 levels left

rFire    + . .     SeeInvis +   a - +7 halberd of Fragile Peace {protect, Str+4 SInv}
rCold    . . .     Faith    .   (shield currently unavailable)
rNeg     . . .     Spirit   +   g - +4 ring mail of Brilliance {Str+8 Int-3}
rPois    .         Reflect  .   n - +2 helmet
rElec    .         Harm     .   T - scarf {+Inv}
rCorr    .         Rampage  .   o - +1 pair of gloves
MR       +....                  K - +1 pair of boots of Imperfection {rF+ MR+}
Stlth    +.........             l - amulet of guardian spirit
HPRegen  0.28/turn              r - ring of magical power
MPRegen  0.21/turn              k - ring of see invisible

@: protection aura
A: change form in water, swift swim, stealthy swim
a: Heroism, Finesse, Renounce Religion, Evoke Invisibility


You were on level 4 of the Lair of Beasts.
You worshipped Okawaru.
Okawaru was extremely pleased with you.
You visited 3 branches of the dungeon, and saw 16 of its levels.

You collected 1462 gold pieces.
You spent 657 gold pieces at shops.

Inventory:

Hand Weapons
 a - the +7 halberd of Fragile Peace (weapon) {protect, Str+4 SInv}
   (Okawaru gifted it to you on level 1 of the Lair of Beasts)

   It grants its wielder temporary protection when it strikes (+7 to AC).
   It affects your strength (+4).
   It lets you see invisible.
 b - the +0 trident "Worm's Wrath" {vorpal, MR+ Dex+3 SInv}
   (You found it on level 11 of the Dungeon)

   It inflicts extra damage upon your enemies.
   It affects your dexterity (+3).
   It affects your resistance to hostile enchantments.
   It lets you see invisible.
 i - a +1 trident
 B - a +4 halberd of venom
Missiles
 d - 4 throwing nets (quivered)
Armour
 g - the +4 ring mail of Brilliance (worn) {Str+8 Int-3}
   (You bought it in a shop on level 4 of the Dungeon)

   It affects your strength (+8).
   It affects your intelligence (-3).
 n - a +2 helmet (worn)
 o - a +1 pair of gloves (worn)
 K - the +1 pair of boots of Imperfection (worn) {rF+ MR+}
   (Okawaru gifted it to you on level 3 of the Lair of Beasts)

   It protects you from fire.
   It affects your resistance to hostile enchantments.
 T - a scarf of invisibility (worn)
Jewellery
 k - a ring of see invisible (right hand)
 l - an amulet of guardian spirit (around neck)
 r - a ring of magical power (left hand)
 D - an uncursed ring of protection from fire
 E - a +6 ring of intelligence
 L - an uncursed ring of protection from fire
 U - an uncursed amulet of the acrobat
Wands
 u - a wand of digging (3)
 H - a wand of polymorph (14)
 I - a wand of paralysis (19)
 M - a wand of random effects (17)
 N - a wand of acid (4)
 O - a wand of disintegration (34)
 R - a wand of flame (19)
Scrolls
 e - 8 scrolls of teleportation
 f - 12 scrolls of remove curse
 s - 2 scrolls of fog
 v - 4 scrolls of enchant weapon
 y - 8 scrolls of identify
 F - 4 scrolls of amnesia
 G - a scroll of enchant armour
 P - a scroll of fear
Potions
 c - 4 potions of ambrosia
 h - a potion of resistance
 j - 3 potions of heal wounds
 m - a potion of mutation
 p - 3 potions of stabbing
 q - 3 potions of flight
 t - a potion of might
 w - 7 potions of curing
 x - a potion of magic
 z - a potion of invisibility
 A - 2 potions of haste
 J - a potion of cancellation
 S - 3 potions of brilliance
 V - 2 potions of lignification


   Skills:
 - Level 12.0 Fighting
 - Level 18.1 Polearms
 - Level 2.0 Throwing
 - Level 5.0 Armour
 - Level 12.0 Dodging
 + Level 10.3 Invocations


You had 8 spell levels left.
You knew the following spells:

 Your Spells              Type           Power        Failure   Level
a - Ice Form              Ice/Tmut       #.......     100%        4

Your spell library contained the following spells:

 Spells                   Type           Power        Failure   Level
 Beastly Appendage        Tmut           #.....       58%         1
 Foxfire                  Conj/Fire      #...         58%         1
 Magic Dart               Conj           #...         58%         1
 Shock                    Conj/Air       #...         58%         1
 Blink                    Tloc           N/A          73%         2
 Call Imp                 Summ           #.......     73%         2
 Slow                     Hex            #.......     73%         2
 Swiftness                Air            #.......     73%         2
 Wereblood                Tmut           #.......     73%         2
 Conjure Flame            Conj/Fire      #.......     91%         3
 Inner Flame              Hex/Fire       #.......     91%         3
 Mephitic Cloud           Conj/Pois/Air  #.......     91%         3
 Spider Form              Tmut/Pois      #.........   91%         3
 Static Discharge         Conj/Air       #.......     91%         3
 Airstrike                Air            #.........   100%        4
 Sticky Flame             Conj/Fire      #.......     100%        4
 Blade Hands              Tmut           #.........   100%        5
 Fireball                 Conj/Fire      #.........   100%        5
 Irradiate                Conj/Tmut      #.........   100%        5
 Lightning Bolt           Conj/Air       #.........   100%        5
 Hydra Form               Tmut           #.........   100%        6
 Statue Form              Tmut/Erth      #........    100%        6
 Dragon Form              Tmut           #.........   100%        7


Dungeon Overview and Level Annotations

Branches:
Dungeon (11/15)            Temple (1/1) D:5            Lair (4/6) D:10
 Shoals (0/4) Lair:3       Spider (0/4) Lair:3          Orc (0/2) D:9

Altars:
Ashenzari
Cheibriados
Dithmenos
Elyvilon
Fedhas
Gozag
Hepliaklqana
Kikubaaqudgha
Makhleb
Nemelex Xobeh
Okawaru
Qazlal
Ru
Sif Muna
Trog
Uskayaw
Vehumet
Wu Jian
Xom
Yredelemnul
Zin
The Shining One

Shops:
D:4 *[}*   D:5 *   D:7 =[*(   D:8 [(*


Message History

The 16-headed hydra completely misses you.
The 16-headed hydra misses you.
The 16-headed hydra bites you but does no damage. x3
You barely miss the 16-headed hydra.
The 16-headed hydra is severely wounded.
You hit the 16-headed hydra but do no damage.
The 16-headed hydra is severely wounded.
The 16-headed hydra bites you but does no damage. x2
The 16-headed hydra bites you!
* * * LOW HITPOINT WARNING * * *
The 16-headed hydra bites you but does no damage.
The 16-headed hydra misses you.
The 16-headed hydra bites you but does no damage. x2
The 16-headed hydra barely misses you.
The 16-headed hydra bites you but does no damage. x2
The 16-headed hydra misses you.
The 16-headed hydra bites you but does no damage.
The 16-headed hydra completely misses you.
The 16-headed hydra bites you!
You die...

#.....##.# *,,,,,,**
##....P#*## **,,,,,**
#....### **,,,,***
#....# ***.,,,*,* *
##...## *,..,,**** *
#....P##**#...*** **
##.....##.....,* **,
#............#** ****,,
##....@D....$# *,,*,,
#.^.#.......# *,,,,*
#...#####...#* **,,,,*
#.#.# **,...* *,,,,**
#.#.##**,,,,#* **,,,*
##.#.#*,*,,,* *,,,,**
#####**,,,,****,,,,,,
****** ***,,,,*,,*,,,**
*,**,***,*,,,,,,,,,,,,*


You could see a 16-headed hydra.

Vanquished Creatures
  Harold (Lair:1)
  3 hydras
  A two-headed ogre (D:9)
  Erica (D:10)
  Urug (D:11)
  An unseen horror (D:11)
  2 manticores (D:11)
  A cyclops (D:11)
  An elephant (D:10)
  6 cane toads
  3 black mambas
  A rime drake (Lair:1)
  A kobold demonologist (D:11)
  8 komodo dragons
  A queen bee (Lair:3)
  4 trolls
  A merfolk (Lair:3)
  A polar bear (Lair:3)
  A hornet (D:10)
  2 shadows (D:9)
  19 yaks
  2 basilisks
  3 wyverns
  Grum (D:9)
  2 steam dragons
  9 water moccasins
  The ghost of PanSaczeczos the Gusty, an amateur TeAE (D:3)
  Duvessa (D:7)
  An eye of draining (D:10)
  5 orc warriors
  An ice beast (D:7)
  A phantom (D:9)
  8 sky beasts
  4 black bears
  3 necrophages
  9 ogres
  17 wolves
  5 centaurs
  3 big kobolds
  13 bullfrogs
  A gnoll sergeant (D:7)
  Dowan (D:7)
  5 scorpions
  A water moccasin skeleton (D:10)
  4 troll zombies (D:9)
  23 killer bees
  2 vampire bats (D:2)
  2 electric eels
  9 wights
  2 centaur zombies
  7 hounds
  3 jellies
  2 bullfrog zombies
  11 orc priests
  2 gnoll shamans
  2 bullfrog skeletons
  3 iguanas
  11 orc wizards
  11 worker ants
  2 killer bee zombies
  2 ogre zombies (D:9)
  A hound skeleton (D:9)
  2 hound zombies
  27 gnolls
  16 adders
  A shadow imp (D:10)
  A white imp (D:8)
  An ufetubus (D:9)
  2 oozes (D:1)
  An adder zombie (D:7)
  3 adder skeletons
  2 worms (D:2)
  3 dart slugs
  8 leopard geckos
  37 orcs
  A ball python (D:3)
  4 bat skeletons (D:2)
  A bat zombie (D:2)
  6 giant cockroaches
  9 goblins
  11 hobgoblins
  23 jackals
  5 quokkas
  6 bats
  7 frilled lizards
  2 goblin skeletons (D:9)
  2 goblin zombies (D:9)
  A hobgoblin skeleton (D:9)
  3 hobgoblin zombies (D:9)
  15 kobolds
  3 leopard gecko skeletons
  2 orc skeletons (D:9)
  9 orc zombies (D:9)
  22 rats
492 creatures vanquished.

Vanquished Creatures (others)
  9 fungi
  14 plants
23 creatures vanquished.

Grand Total: 515 creatures vanquished

Notes
Turn   | Place    | Note
-------+----------+-------------------------------------------
     0 | D:1      | kae the Merfolk Gladiator began the quest for the Orb.
     0 | D:1      | Reached XP level 1. HP: 16/16 MP: 1/1
    32 | D:1      | Reached skill level 5 in Polearms
    32 | D:1      | Reached XP level 2. HP: 18/23 MP: 2/2
   361 | D:1      | Reached XP level 3. HP: 28/28 MP: 3/3
   845 | D:1      | Reached skill level 6 in Polearms
  1104 | D:2      | Reached XP level 4. HP: 35/35 MP: 4/4
  1699 | D:2      | Found a basalt altar of Yredelemnul.
  1736 | D:2      | Reached skill level 7 in Polearms
  1852 | D:2      | Reached XP level 5. HP: 21/41 MP: 5/5
  2030 | D:2      | Found a snail-covered altar of Cheibriados.
  2036 | D:2      | Found a glowing golden altar of the Shining One.
  2225 | D:2      | Found an ancient bone altar of Kikubaaqudgha.
  2415 | D:3      | Reached skill level 8 in Polearms
  2476 | D:3      | Reached XP level 6. HP: 48/48 MP: 6/6
  2711 | D:3      | Identified the +8 great mace of Mejogh {flame, Str+5}
  2713 | D:3      | Noticed PanSaczeczos's ghost (amateur TeAE)
  2714 | D:3      | Found a transporter.
  2717 | D:3      | Found a transporter.
  3490 | D:4      | Found Hyzxyamu's General Store.
  3491 | D:4      | Found Popp's Antique Armour Boutique.
  3494 | D:4      | Found Erpheath's Gadget Boutique.
  3495 | D:4      | Found Upis's General Store.
  3531 | D:4      | Bought a turquoise-encrusted ring mail for 216 gold pieces
  3541 | D:4      | Identified the +4 ring mail of Brilliance {Str+8 Int-3}
                  | (You bought it in a shop on level 4 of the Dungeon)
  3553 | D:4      | Bought a scroll of identify for 28 gold pieces
  3553 | D:4      | Bought a scroll of identify for 28 gold pieces
  3797 | D:4      | Found a shimmering blue altar of Sif Muna.
  3909 | D:4      | Reached skill level 9 in Polearms
  4026 | D:4      | Found a bloodstained altar of Trog.
  4082 | D:4      | Reached XP level 7. HP: 50/55 MP: 5/7
  4147 | D:4      | Reached skill level 5 in Fighting
  4295 | D:4      | Reached skill level 10 in Polearms
  4530 | D:5      | Entered Level 5 of the Dungeon
  4562 | D:5      | Found a staircase to the Ecumenical Temple.
  4575 | D:5      | Found Wool's Assorted Antiques.
  4587 | D:5      | Bought a scroll labeled SOLOET DUNUDGH for 19 gold pieces
  4587 | D:5      | Bought an inky potion for 17 gold pieces
  4587 | D:5      | Bought a scroll of identify for 38 gold pieces
  4587 | D:5      | Bought a scroll of identify for 38 gold pieces
  4628 | Temple   | Entered the Ecumenical Temple
  4718 | Temple   | Became a worshipper of Warmaster Okawaru
  4882 | D:5      | Found a white marble altar of Elyvilon.
  4901 | D:5      | Reached skill level 11 in Polearms
  4901 | D:5      | Reached XP level 8. HP: 64/64 MP: 8/8
  4933 | D:5      | Reached * piety under Okawaru
  5120 | D:5      | Noticed a troll
  5139 | D:5      | Killed a troll
  5139 | D:5      | Reached skill level 12 in Polearms
  6455 | D:6      | Reached ** piety under Okawaru
  6455 | D:6      | Reached skill level 13 in Polearms
  6455 | D:6      | Reached XP level 9. HP: 72/72 MP: 9/9
  7119 | D:6      | Reached skill level 14 in Polearms
  7468 | D:6      | Found a hazy altar of Hepliaklqana.
  7872 | D:7      | Reached *** piety under Okawaru
  7890 | D:7      | Found Itaeqios's Jewellery Shop.
  7941 | D:7      | Noticed Duvessa
  7941 | D:7      | Noticed Dowan
  7949 | D:7      | Killed Duvessa
  7957 | D:7      | Killed Dowan
  7965 | D:7      | Reached skill level 15 in Polearms
  8186 | D:7      | Found Fuoryiri's Assorted Antiques.
  8247 | D:7      | Reached XP level 10. HP: 81/81 MP: 10/10
  8452 | D:7      | Bought a scroll of identify for 60 gold pieces
  8452 | D:7      | Bought a scroll of identify for 60 gold pieces
  8452 | D:7      | Bought a scroll labeled GOOTEX YNAECS for 30 gold pieces
  8452 | D:7      | Bought an orange potion for 27 gold pieces
  8491 | D:7      | Reached **** piety under Okawaru
  8565 | D:7      | Found Folir's Armour Boutique.
  8623 | D:7      | Found Miho's Antique Weapon Shop.
  8815 | D:7      | Reached skill level 16 in Polearms
  8983 | D:8      | Found Qozistog's Antique Armour Shoppe.
  9100 | D:8      | Found Ismenomo's Antique Weapon Shoppe.
  9191 | D:8      | Found an opulent altar of Gozag.
  9342 | D:8      | Found Esir Ces's Assorted Antiques.
  9350 | D:8      | Bought a scroll labeled PINLIPS ISAOM for 32 gold pieces
  9350 | D:8      | Bought a scroll of identify for 64 gold pieces
  9683 | D:9      | Noticed Grum
  9702 | D:9      | Received a gift from Okawaru
  9723 | D:9      | Killed Grum
  9892 | D:9      | Reached ***** piety under Okawaru
  9892 | D:9      | Reached skill level 17 in Polearms
  9900 | D:9      | Reached skill level 10 in Fighting
 10173 | D:9      | Found a staircase to the Orcish Mines.
 10709 | D:9      | Noticed a two-headed ogre
 10713 | D:9      | Received a gift from Okawaru
 10735 | D:9      | Killed a two-headed ogre
 10735 | D:9      | Reached XP level 11. HP: 17/92 MP: 2/11
 11052 | D:9      | Found a radiant altar of Vehumet.
 11435 | D:10     | Entered Level 10 of the Dungeon
 11508 | D:9      | Reached skill level 18 in Polearms
 11631 | D:10     | Found a shimmering altar of Xom.
 11815 | D:10     | Found a shimmering altar of Xom.
 11815 | D:10     | Found a shimmering altar of Xom.
 11876 | D:10     | Found a shimmering altar of Xom.
 11881 | D:10     | Found a shimmering altar of Xom.
 11881 | D:10     | Found a shimmering altar of Xom.
 11903 | D:10     | Reached skill level 5 in Dodging
 12335 | D:10     | Noticed Erica
 12377 | D:10     | Killed Erica
 12377 | D:10     | Received a gift from Okawaru
 12832 | D:10     | Found a staircase to the Lair.
 13219 | D:10     | Paralysed by a hornet for 2 turns
 13548 | D:10     | Received a gift from Okawaru
 13940 | D:11     | Noticed a manticore
 13951 | D:11     | Killed a manticore
 13951 | D:11     | Reached skill level 10 in Dodging
 14178 | D:11     | Noticed Urug
 14187 | D:11     | Killed Urug
 14187 | D:11     | Reached XP level 12. HP: 96/102 MP: 10/12
 14710 | D:11     | Got a fading trident
 14711 | D:11     | Identified the cursed +0 trident "Worm's Wrath" {vorpal,
                  | MR+ Dex+3 SInv} (You found it on level 11 of the Dungeon)
 14829 | D:11     | Reached skill level 1 in Armour
 15135 | Lair:1   | Entered Level 1 of the Lair of Beasts
 15207 | Lair:1   | Received a gift from Okawaru
 15222 | Lair:1   | Got a translucent halberd {god gift}
 15223 | Lair:1   | Identified the +7 halberd of Fragile Peace {protect, Str+4
                  | SInv} (Okawaru gifted it to you on level 1 of the Lair of
                  | Beasts)
 15561 | Lair:1   | Noticed Harold
 15576 | Lair:1   | Killed Harold
 16251 | D:3      | Killed PanSaczeczos's ghost
 16251 | D:3      | Reached skill level 5 in Armour
 16252 | D:3      | Reached skill level 1 in Invocations
 16296 | D:3      | Learned a level 4 spell: Ice Form
 16715 | Lair:2   | Noticed a six-headed hydra
 16724 | Lair:2   | Killed a six-headed hydra
 16828 | Lair:2   | Received a gift from Okawaru
 16866 | Lair:2   | Reached skill level 5 in Invocations
 17432 | Lair:2   | Reached XP level 13. HP: 103/108 MP: 17/17
 18435 | Lair:3   | Found a staircase to the Shoals.
 18666 | Lair:3   | Reached ****** piety under Okawaru
 18666 | Lair:3   | Received a gift from Okawaru
 18985 | Lair:3   | Got a pair of warped boots {god gift}
 18991 | Lair:3   | Identified the +1 pair of boots of Imperfection {rF+ MR+}
                  | (Okawaru gifted it to you on level 3 of the Lair of Beasts)
 19062 | Lair:3   | Found a hole to the Spider Nest.
 19970 | Lair:3   | Reached skill level 10 in Invocations
 20391 | Lair:4   | HP: 5/108 [16-headed hydra (8)]
 20391 | Lair:4   | Slain by a 16-headed hydra

Illustrated notes

Levels and vault maps discovered:
D:1:      dpeg_arrival_simpleton_c, layout_loops_ring, minmay_rat_gold_closets
D:2:      minmay_razor_zed, layout_basic, yredelemnul_altar_generic,
          kennysheep_vampire_church, minitemple, minmay_heptomino_o4
D:3:      layout_loops_corners, gammafunk_ghost_smash
D:4:      minmay_thinvault, layout_cave_pods, overflow_temple_1_default,
          minmay_shop_grid_forest, bloody_trog
D:5:      layout_basic, minmay_temple_entry_waves, serial_glass,
          glass_columns_b, glass_columns_b, serial_shops, shop, elyvilon_altar_5
D:6:      layout_basic, kennysheep_mini_moat, kennysheep_doodads
D:7:      layout_gridville, serial_shops, kennysheep_little_box, shop_statue,
          nicolae_shop_crystal, nicolae_shop_overgrown_old_shop,
          minmay_alternating_orb, uniq_duvessa
D:8:      layout_basic, lemuel_coloured_pillars_altar, serial_shops, shop, shop,
          nicolae_shop_window_shopping
D:9:      layout_roguey, vehumet_crystals, zombieorc1_lemuel, uniq_grum
D:10:     layout_roguey, david_lair_generic, xom_redecorated, uniq_erica
D:11:     layout_basic, uniq_urug
Temple:   nicolae_temple_great_sept
Lair:1:   layout_roguey, uniq_harold
Lair:2:   layout_cave_pods, nicolae_quartered_pool_medium
Lair:3:   layout_cave_pods, elwin_shoals_entry_rooms, dummy_spider_entry,
          special_room [special_room_bee]
Lair:4:   layout_concentric_octagons, lemuel_fruit_fields

Skill      XL: |  1  2  3  4  5  6  7  8  9 10 11 12 13 |
---------------+----------------------------------------+-----
Polearms       | 5 6 7 8 9 11 13 15 17 18 | 18.1
Fighting       | 3 4 5 7 8 10 12 | 12.0
Dodging        | 10 12 | 12.0
Armour         | 5 |  5.0
Invocations    | 6 10 | 10.3
Throwing       | |  2.0

Action                   |  1- 3 |  4- 6 |  7- 9 | 10-12 | 13-15 || total
-------------------------+-------+-------+-------+-------+-------++-------
Melee: Trident           |   111 |   259 |   482 |   691 |    43 ||  1586
       Halberd           |       |       |       |   274 |   152 ||   426
       Punch             |       |       |       |     5 |       ||     5
Invok: Heroism           |       |       |       |     7 |     2 ||     9
Evoke: Wand              |       |       |       |       |     6 ||     6
  Use: Scroll            |       |    12 |     9 |    14 |     2 ||    37
       Potion            |       |       |       |     6 |       ||     6
 Stab: Sleeping          |     4 |     6 |       |       |       ||    10
Armor: Leather armour    |    26 |    62 |       |       |       ||    88
       Ring mail         |       |    15 |   105 |   173 |   166 ||   459
       Skin              |       |       |       |    34 |       ||    34
Dodge: Dodged            |    78 |   123 |   169 |   429 |   415 ||  1214

Table legend: (Time is in decaauts)
 A = Elapsed time spent in this place.
 B = Non-inter-level travel time spent in this place.
 C = Inter-level travel time spent in this place.
 D = Time resting spent in this place.
 E = Time spent auto-exploring this place.
 F = Levels seen in this place.
 G = Mean time per level.
                   A        B        C        D        E       F      G
               +--------+--------+--------+--------+--------+-----+--------+
         Total |  19788 |  18651 |   1137 |   1750 |  14178 |  16 | 1236.8 |
       Dungeon |  15058 |  14042 |   1016 |   1086 |  10691 |  11 | 1368.9 |
        Temple |     98 |     73 |     25 |      0 |     72 |   1 |   98.0 |
          Lair |   4631 |   4536 |     95 |    664 |   3414 |   4 | 1157.8 |
               +--------+--------+--------+--------+--------+-----+--------+

Top non-repeatable levels by time:
     D:9: 2131 daAuts
  Lair:3: 2118 daAuts
    D:10: 1845 daAuts
     D:5: 1605 daAuts
  Lair:2: 1488 daAuts
    D:11: 1422 daAuts
     D:7: 1340 daAuts
     D:6: 1290 daAuts
     D:4: 1278 daAuts
     D:2: 1250 daAuts
     D:3: 1117 daAuts
     D:1: 1089 daAuts
  Lair:1: 877 daAuts
     D:8: 686 daAuts
  Lair:4: 146 daAuts
